 Dungeon Crawl Stone Soup version 0.29-a0-841-g116ddc6ace (webtiles) character file.

Game seed: 3869087342011265451

240 StoneSoupSpirits the Chopper (level 5, 0/41 HPs)
             Began as a Demonspawn Chaos Knight on July 14, 2022.
             Was a Plaything of Xom.
             Slain by a gnoll
             ... wielding a +0 spear
              (3 damage)
             ... on level 3 of the Dungeon.
             The game lasted 00:04:34 (2168 turns).

StoneSoupSpirits the Chopper (DsCK)                 Turns: 2168, Time: 00:04:35

Health: 0/41       AC:  6    Str: 17 (18) XL:     5   Next: 79%
Magic:  14/14      EV: 11    Int:  9 (12) God:    Xom [.*....]
Gold:   121        SH:  0    Dex: 10 (12) Spells: 4/4 levels left

rFire   . . .      SeeInvis .   a - +0 hand axe (chaos)
rCold   . . .      Faith    .   (no shield)
rNeg    + . .      Spirit   .   b - +2 leather armour
rPois   .          Reflect  .   f - +0 helmet of Dayruoggomim {rN+}
rElec   .          Harm     .   (no cloak)
rCorr   .          Rampage  .   (no gloves)
Will    +....                   (no boots)
Stlth   +.........              (no amulet)
HPRegen 0.13/turn               d - ring of willpower
MPRegen 0.14/turn               m - ring of magical power

@: no status effects
A: claws 1, strong 1
a: Renounce Religion


You were on level 3 of the Dungeon.
You worshipped Xom.
You were a plaything of Xom.
You visited 1 branch of the dungeon, and saw 3 of its levels.

You collected 121 gold pieces.

Inventory:

Hand Weapons
 a - a +0 hand axe of chaos (weapon)
Missiles
 e - 2 poisoned darts
Armour
 b - a +2 leather armour (worn)
 f - the +0 helmet of Dayruoggomim (worn) {rN+}
   (You took it off Robin on level 3 of the Dungeon)

   rN:        It protects you from negative energy.
 l - the +1 robe of the Fisher {+Blink MP+9 Slay+5 Stlth+}
   (You found it on level 3 of the Dungeon)

   Slay:      It affects your accuracy & damage with ranged weapons and melee
   (+5).
   MP:        It affects your magic capacity (+9).
   +Blink:    It lets you blink.
   Stlth:     It makes you more stealthy.
Jewellery
 d - a ring of willpower (left claw)
 m - a ring of magical power (right claw)
Wands
 j - a wand of polymorph (11)
Scrolls
 k - a scroll of fog
 n - a scroll of amnesia {unknown}
Potions
 i - a potion of degeneration
Miscellaneous
 c - a piece from Xom's chessboard (15/15) (quivered)


   Skills:
 - Level 3.0 Fighting
 + Level 6.0 Axes
 - Level 1.7 Armour
 - Level 0.8 Dodging


You had 4 spell levels left.
You didn't know any spells.
Your spell library was empty.

Dungeon Overview and Level Annotations

Branches:
Dungeon (3/15)

Altars:

Shops:
D:3 ?

Annotations:
D:3 Jessica


Innate Abilities, Weirdness & Mutations

You have sharp fingernails.
Your muscles are strong. (Str +4, Int/Dex -1)


Message History

A gnoll comes into view. It is wielding a +0 spear.
The gnoll completely misses you.
Jessica mumbles some strange words.
Jessica seems to speed up.
The gnoll shouts!
You barely miss the gnoll.
The gnoll is lightly wounded.
You hear a shout!
The gnoll misses you.
The gnoll hits you from afar with a +0 spear.
It was a potion of degeneration.
There was something very wrong with that liquid.
You feel weakened.
You feel dopey.
You feel clumsy.
Xom thinks this is hilarious!
The gnoll barely misses you. x3
As you read the scroll labelled FUTSOX CYHEVOV, it crumbles to dust.
You feel aware of your surroundings.
It was a scroll of magic mapping.
The gnoll hits you with a +0 club.
Jessica mumbles some strange words.
Jessica blinks!
The gnoll hits you but does no damage.
As you read the scroll labelled CASYOSHYRY, it crumbles to dust.
The scroll dissolves into smoke.
It was a scroll of fog.
The gnoll hits you with a +0 club.
* * * LOW HITPOINT WARNING * * *
The gnoll closely misses you. The gnoll hits you with a +0 club.
* * * LOW HITPOINT WARNING * * *
The gnoll attacks as you move away! The gnoll hits you but does no damage.
Jessica hits you with a +0 club.
* * * LOW HITPOINT WARNING * * *
Things that are here:
a +0 club; a +0 sling You closely miss Jessica.
You barely miss the gnoll. The gnoll hits you but does no damage.
Jessica casts a spell at you. You resist with some effort.
The gnoll hits you with a +0 club.
* * * LOW HITPOINT WARNING * * *
Jessica closely misses you.
The gnoll hits you from afar with a +0 spear.
You die...
Xom giggles madly!

#........#...#.#.......,,,,,,,,,,
......5g..#)#....##........####**
...5......g∩.....#*.............,
..........#.#..#.#######.......#*
..†......#...#...#.............+,
...............@.#...........>.+#
..........#.####§#.....g.........
..........#+####@#.......#..?....
[....####......#@#.......#.....@.
.....# #......#g#...............
.....# #......#g#..g............
.....# #..@...§)§......##.......
.....# #......§§§.....##*...?...
###+##**#...........#..# *.^.....
..,,,,,*#.#+###.[...#..# *.......
..,,,,,**,*,* #......[.#**#######
..,,,,,**,*,* #..........,,,,,,,,


You could see 2 gnolls and Jessica (fast).

Vanquished Creatures
  A black bear (D:3)
  An orc priest (D:3)
  Robin (D:3)
  A gnoll (D:3)
  5 adders
  2 dart slugs
  3 orcs (D:3)
  2 endoplasms
  A giant cockroach (D:2)
  13 goblins
  4 hobgoblins
  3 quokkas (D:1)
  4 ball pythons
  2 bats (D:1)
  6 frilled lizards
  4 kobolds
  2 rats (D:1)
55 creatures vanquished.

Vanquished Creatures (collateral kills)
  A goblin (D:3)
1 creature vanquished.

Grand Total: 56 creatures vanquished

Notes
Turn   | Place    | Note
-------+----------+-------------------------------------------
     0 | D:1      | StoneSoupSpirits the Demonspawn Chaos Knight began the
                  | quest for the Orb.
     0 | D:1      | Reached XP level 1. HP: 18/18 MP: 1/1
    62 | D:1      | Reached skill level 3 in Axes
   171 | D:1      | Gained mutation: You have sharp fingernails. [demonic
                  | ancestry]
   171 | D:1      | Reached XP level 2. HP: 19/24 MP: 2/2
   313 | D:1      | XOM: silly message
   318 | D:1      | Found a faded altar of an unknown god.
   324 | D:1      | XOM: silly message
   764 | D:2      | Reached skill level 4 in Axes
   764 | D:2      | Reached XP level 3. HP: 19/29 MP: 3/3
   876 | D:2      | XOM: silly message
  1265 | D:2      | XOM: 6-stop teleportation journey
  1433 | D:2      | XOM: cloud trail
  1442 | D:2      | XOM: silly message
  1518 | D:3      | Found Bypyakk's Magic Scroll Emporium.
  1524 | D:3      | Reached XP level 4. HP: 25/35 MP: 4/4
  1616 | D:3      | XOM: 2-stop teleportation journey
  1720 | D:3      | Identified the +0 helmet of Dayruoggomim {rN+}
  1720 | D:3      | Noticed Robin
  1721 | D:3      | Noticed a black bear
  1726 | D:3      | XOM: summons friendly crimson imp
  1728 | D:3      | XOM: blink monster(s)
  1739 | D:3      | XOM: cleaving
  1744 | D:3      | XOM: divination: detect items
  1750 | D:3      | XOM: confuse monster(s)
  1761 | D:3      | Killed a black bear
  1762 | D:3      | Reached skill level 5 in Axes
  1762 | D:3      | Reached XP level 5. HP: 41/41 MP: 5/5
  1772 | D:3      | Killed Robin
  2133 | D:3      | Identified the +1 robe of the Fisher {+Blink MP+9 Slay+5
                  | Stlth+}
  2136 | D:3      | Noticed Jessica
  2159 | D:3      | Reached skill level 6 in Axes
  2162 | D:3      | Gained mutation: Your muscles are strong. (Str +4, Int/Dex
                  | -1) [potion of mutation]
  2168 | D:3      | Slain by a gnoll

Illustrated notes

Levels and vault maps discovered:
D:1:      matt_arrival_grand_opening, layout_rooms,
          hellmonk_ecumenical_altar_heavens_door
D:2:      layout_loops_ring
D:3:      layout_basic, serial_shops, nicolae_shop_advertising_works
          [nicolae_subvault_shop_adworks], grunt_ministairs_9, minmay_rat_hole,
          uniq_robin, uniq_jessica

Skill      XL: |  1  2  3  4  5 |
---------------+----------------+-----
Axes           | 3 4 5 6 |  6.0
Fighting       | |  3.0
Armour         | |  1.7
Dodging        | |  0.8

Action                   |  1- 3 |  4- 6 || total
-------------------------+-------+-------++-------
Melee: Hand axe          |    91 |    46 ||   137
       Punch             |     2 |       ||     2
  Use: Potion            |       |     6 ||     6
       Scroll            |       |     2 ||     2
 Stab: Paralysed         |     1 |       ||     1
       Sleeping          |     1 |       ||     1
       Confused          |       |     2 ||     2
Armor: Leather armour    |    36 |    30 ||    66
       Skin              |       |     8 ||     8
Dodge: Dodged            |    47 |    39 ||    86

Table legend: (Time is in decaauts)
 A = Elapsed time spent in this place.
 B = Non-inter-level travel time spent in this place.
 C = Inter-level travel time spent in this place.
 D = Time resting spent in this place.
 E = Time spent auto-exploring this place.
 F = Levels seen in this place.
 G = Mean time per level.
                   A        B        C        D        E       F      G
               +--------+--------+--------+--------+--------+-----+--------+
         Total |   2159 |   2102 |     57 |    455 |   1242 |   3 |  719.7 |
       Dungeon |   2159 |   2102 |     57 |    455 |   1242 |   3 |  719.7 |
               +--------+--------+--------+--------+--------+-----+--------+

Top non-repeatable levels by time:
     D:2: 851 daAuts
     D:1: 676 daAuts
     D:3: 631 daAuts
